 Dungeon Crawl Stone Soup version 0.31-a0-1549-g5ff9445e89 (webtiles) character file.

Game seed: 2877352149664690515

3857 bjtr the Sneak (level 10, -4/45 (49) HPs)
             Began as a Vine Stalker Conjurer on Jan 3, 2024.
             Slain by a wight
             ... wielding a +3 halberd of freezing
              (8 damage)
             ... on level 7 of the Dungeon.
             The game lasted 00:39:00 (9692 turns).

bjtr the Sneak (Vine Stalker Conjurer)              Turns: 9692, Time: 00:39:00

HP:   -4/45 (49)    AC:  4    Str:  9    XL:     10   Next: 18%
MP:   0/20          EV: 14    Int: 22    God:
Gold: 491           SH:  0    Dex: 20    Spells: 9/22 levels left

rFire   . . .        a - +4 short sword (speed)
rCold   . . .        (no shield)
rNeg    . . .        j - +0 leather armour
rPois   .            (no helmet)
rElec   .            (no cloak)
rCorr   .            i - +0 pair of gloves
SInv    +            (no boots)
Will    +....        (no amulet)
Stlth   ++++         r - ring of see invisible
HPRegen 1.07/turn    D - +6 ring of dexterity
MPRegen 0.17/turn

%: guardian spirit
@: studying Armour, drained
A: fangs 3, regeneration 1, magic shield, antimagic bite, no potion heal 2
a: no special abilities


You were on level 7 of the Dungeon.
You visited 2 branches of the dungeon, and saw 8 of its levels.
You also visited: Sewer.

You collected 491 gold pieces.

Inventory:

Hand Weapons
 a - a +4 short sword of speed (weapon)
 d - a +1 short sword
 l - a +2 flail of protection
 p - a +5 falchion
 s - a +2 whip of electrocution
 x - a +0 short sword of protection
 I - a +5 mace
Missiles
 v - 22 poisoned darts
 F - 4 atropa-tipped darts
 H - a curare-tipped dart
Armour
 c - a +0 robe
 i - a +0 pair of gloves (worn)
 j - a +0 leather armour (worn)
Jewellery
 k - a +6 ring of strength
 r - a ring of see invisible (left hand)
 w - an amulet of faith
 D - a +6 ring of dexterity (right hand)
 J - a ring of magical power
Wands
 g - a wand of paralysis (8)
 y - a wand of mindburst (7)
 C - a wand of flame (67)
 E - a wand of roots (3)
Scrolls
 e - 2 scrolls of amnesia
 h - 3 scrolls of enchant weapon
 n - a scroll of revelation
 q - 3 scrolls of fear
 z - a scroll of teleportation
 B - a scroll of immolation
 M - a scroll of blinking {unknown}
Potions
 b - 2 potions of magic
 f - 3 potions of invisibility {unknown}
 m - 3 potions of lignification
 o - 3 potions of curing
 t - a potion of brilliance {unknown}
 u - 2 potions of might {unknown}
 A - 2 potions of mutation
 G - a potion of enlightenment {unknown}
 K - a potion of berserk rage {unknown}
 L - a potion of heal wounds {unknown}


   Skills:
 + Level 3.3 Fighting
 + Level 5.4 Short Blades
 + Level 4.1 Armour
 + Level 4.4 Dodging
 + Level 7.8 Stealth
 * Level 6.6 Spellcasting
 * Level 7.6 Conjurations


You had 9 spell levels left.
You knew the following spells:

 Your Spells              Type           Power      Damage    Failure   Level
a - Magic Dart            Conj           100%       1d8       1%          1
b - Searing Ray           Conj           80%        2d7       1%          2
c - Fulminant Prism       Conj/Alch      12%        3d9       24%         4
d - Iskenderun's Mystic   Conj/Tloc      24%        2d7       24%         4
e - Blink                 Tloc           14%        N/A       19%         2

Your spell library contained the following spells:

 Spells                   Type           Power      Damage    Failure   Level
 Momentum Strike          Conj/Tloc      48%        3d9       3%          2
 Ensorcelled Hibernation  Hex/Ice        14%        N/A       19%         2
 Jinxbite                 Hex            14%        N/A       19%         2
 Lesser Beckoning         Tloc           14%        N/A       19%         2
 Confusing Touch          Hex            7%         N/A       34%         3
 Passwall                 Erth           7%         N/A       34%         3
 Sigil of Binding         Hex            7%         N/A       34%         3
 Swiftness                Air            7%         N/A       34%         3
 Summon Horrible Things   Summ           3%         N/A       100%        8


Dungeon Overview and Level Annotations

Branches:
Dungeon (7/15)             Temple (1/1) D:6           Sewer (visited)

Altars:
Ashenzari
Cheibriados
Dithmenos
Elyvilon
Fedhas
Gozag
Hepliaklqana
Kikubaaqudgha
Makhleb
Nemelex Xobeh
Okawaru
Qazlal
Ru
Sif Muna
Wu Jian
Xom
Yredelemnul
Zin
The Shining One

Shops:
D:6 [


Innate Abilities, Weirdness & Mutations

You have razor-sharp teeth.
Your natural rate of healing is unusually fast.
When hurt, damage is shared between your health and your magic reserves.
Your bite disrupts and absorbs the magic of your enemies.
Potions cannot restore your health.


Message History

The wight hits you with a +3 dire flail!
The wight closely misses you. The wight misses you.
The wight attacks as it pursues you! The wight barely misses you.
Casting: Searing Ray (safe; 1% risk of failure)
Confirm with . or Enter, or press ? or * to list all spells.
Aiming: Searing Ray (safe; 1% risk of failure)
Press: ? - help, Shift-Dir - straight line, f - wight
Aim: a wight, wielding a +3 halberd of freezing and wearing a +0 robe (82% to hit)
The searing ray hits the wight.
The wight is severely damaged.
The searing ray hits the wight.
The wight is lightly damaged. (Press . to maintain the ray.)
The searing ray hits the wight but does no damage.
The wight is lightly damaged.
The wight barely misses you.
The searing ray hits the wight.
The wight is lightly damaged.
The wight closely misses you.
The wight hits you with a +3 dire flail!
The searing ray misses the wight.
You finish channelling your searing ray.
The wight misses you.
The wight hits you with a +3 dire flail!
You feel drained.
The wight hits you with a +3 dire flail!
Casting: Searing Ray (safe; 1% risk of failure)
Confirm with . or Enter, or press ? or * to list all spells.
Aiming: Searing Ray (safe; 1% risk of failure)
Press: ? - help, Shift-Dir - straight line, p - wight The searing ray misses the wight.
The searing ray hits the wight.
The wight is moderately damaged. (Press . to maintain the ray.)
The wight hits you from afar with a +3 halberd of freezing!
* * * LOW HITPOINT WARNING * * *
You feel drained.
* * * LOW HITPOINT WARNING * * *
The wight freezes you!
You die...

#.......................#...z...
#.......................#....<..
#.......................'.......
#..............z....z...#.......
#....####...##...#####'##.......
#'#######...##...#...........###
#....#.......#.z.#...........#..
#....#.......#.z.#...........'..
#....#.......#.@.#..>........#..
#....#.......#...#...........#..
#....#.......'...#.........?.#..
#....#.......#...#...........#..
#########...##...#......#'####..
#...##...'......#.......
#........#........#......#...####
#........#........#......#...#...
#........#........#......#...#...


You could see 3 wights.

Vanquished Creatures
  Maurice (D:7)
  Sigmund (D:2)
  A steam dragon (D:7)
  Menkaure (D:4)
  Edmund (D:5)
  2 water moccasins
  An ice beast (D:6)
  An orc warrior (D:7)
  2 black bears
  5 ogres
  A sky beast (D:6)
  A centaur (D:7)
  3 phantoms
  A kobold brigand (D:6)
  3 bullfrogs
  A scorpion (D:5)
  3 wights
  2 howler monkeys
  3 bombardier beetles
  2 hounds
  6 jellies
  2 iguanas
  2 sleepcaps (D:4)
  Ijyb (D:3)
  7 orc wizards
  A gnoll (D:4)
  18 adders
  A river rat (Sewer)
  2 shadow imps
  2 dart slugs
  5 ribbon worms
  16 orcs
  7 bats
  22 endoplasms
  9 giant cockroaches
  8 goblins
  7 hobgoblins
  8 quokkas
  17 ball pythons
  6 frilled lizards
  14 kobolds
  9 rats
206 creatures vanquished.

Notes
Turn   | Place    | Note
-------+----------+-------------------------------------------
     0 | D:1      | bjtr the Vine Stalker Conjurer began the quest for the Orb.
     0 | D:1      | Reached XP level 1. HP: 9/9 MP: 4/4
   161 | D:1      | Reached XP level 2. HP: 13/13 MP: 4/6
   164 | D:1      | Learned a level 2 spell: Searing Ray
   628 | D:1      | Reached XP level 3. HP: 16/16 MP: 4/7
  1198 | D:2      | Noticed Sigmund
  1539 | D:2      | Killed Sigmund
  1540 | D:2      | Reached skill level 1 in Short Blades
  1540 | D:2      | Reached skill level 5 in Conjurations
  1540 | D:2      | Reached XP level 4. HP: 6/21 MP: 0/10
  1540 | D:2      | Reached XP level 5. HP: 7/25 MP: 0/11
  2294 | D:3      | Reached XP level 6. HP: 29/29 MP: 9/12
  2303 | D:3      | Learned a level 4 spell: Fulminant Prism
  2308 | D:3      | Learned a level 4 spell: Iskenderun's Mystic Blast
  2702 | D:3      | Noticed Ijyb
  2709 | D:3      | Killed Ijyb
  3407 | D:4      | Reached skill level 1 in Fighting
  3432 | D:4      | Reached XP level 7. HP: 33/33 MP: 1/13
  3683 | D:4      | Reached skill level 5 in Stealth
  3693 | D:4      | Learned a level 2 spell: Blink
  3703 | D:4      | You fall into a shaft and drop 2 floors!
  3703 | D:6      | Found Ruorehim's Armour Emporium.
  3961 | D:6      | Noticed Edmund
  4017 | D:5      | Entered Level 5 of the Dungeon
  4022 | D:5      | Killed Edmund
  4126 | D:5      | Found a glowing drain.
  4250 | Sewer    | Entered a sewer
  4367 | Sewer    | Gained mutation: You have razor-sharp teeth. [Vine Stalker
                  | growth]
  4367 | Sewer    | Reached XP level 8. HP: 34/39 MP: 10/14
  4504 | Sewer    | Found a viscous altar of Jiyva.
  6042 | D:4      | Noticed Menkaure
  6047 | D:4      | Killed Menkaure
  6522 | D:4      | Reached XP level 9. HP: 43/43 MP: 7/16
  6901 | D:4      | Got the Vademecum on Congregated Spellbinding
  7328 | D:5      | Reached skill level 1 in Armour
  7715 | D:6      | Reached skill level 5 in Spellcasting
  8112 | D:6      | Found a staircase to the Ecumenical Temple.
  8137 | Temple   | Entered the Ecumenical Temple
  8439 | D:7      | Reached skill level 5 in Short Blades
  8883 | D:7      | Noticed Maurice
  9242 | D:7      | Something stole a curare-tipped dart
  9242 | D:7      | Something stole an amulet of faith
  9249 | D:7      | Maurice stole a +5 falchion
  9250 | D:7      | Maurice stole 58 gold
  9255 | D:7      | Killed Maurice
  9256 | D:7      | Reached XP level 10. HP: 7/49 MP: 0/20
  9692 | D:7      | Slain by a wight

Illustrated notes

Levels and vault maps discovered:
D:1:      heliophobic_arrival_ceremonial_halls, layout_rooms
D:2:      minmay_alternating_diamond, layout_loops_ring, serial_forest,
          infiniplex_forest_end_2, infiniplex_forest_clump_curved,
          infiniplex_forest_clump_double, infiniplex_forest_lined_2,
          infiniplex_forest_clump_double, infiniplex_forest_lined_room_3,
          infiniplex_forest_clump_curved, uniq_sigmund
D:3:      layout_loops_corners, kennysheep_generic_room_11, uniq_ijyb
D:4:      minmay_skewed_foursquare, layout_basic, minmay_crystal_water,
          serial_library_hellmonk_metal_room, uniq_menkaure
D:5:      layout_layer_cave, gup_sewer_entry_glass, kennysheep_donut
D:6:      layout_basic, minmay_temple_entry_stoned_glass, serial_shops, shop,
          uniq_edmund
D:7:      layout_gridville, uniq_maurice
Temple:   hellmonk_temple_of_storms

Skill      XL: |  1  2  3  4  5  6  7  8  9 |
---------------+----------------------------+-----
Short Blades   | 1 2 3 4 5 |  5.4
Stealth        | 3 4 6 7 |  7.8
Spellcasting   | 3 4 6 |  6.6
Conjurations   | 5 6 7 |  7.6
Dodging        | 2 3 4 |  4.4
Fighting       | 1 2 3 |  3.3
Armour         | 4 |  4.1

Action                     |  1- 3 |  4- 6 |  7- 9 | 10-12 || total
---------------------------+-------+-------+-------+-------++-------
  Melee: Short sword       |    45 |   200 |   234 |    35 ||   514
         Bite              |    11 |    86 |    79 |    14 ||   190
         Punch             |     1 |     3 |     4 |     1 ||     9
   Cast: Magic Dart        |    54 |     5 |    60 |     1 ||   120
         Searing Ray       |     3 |     7 |    47 |     3 ||    60
         Iskenderun's Myst |       |       |     2 |       ||     2
         Blink             |       |       |     1 |       ||     1
  Evoke: Wand              |       |       |     8 |       ||     8
    Use: Scroll            |     5 |     7 |     6 |       ||    18
         Potion            |       |       |     3 |       ||     3
   Stab: Sleeping          |     2 |    11 |    12 |       ||    25
         Distracted        |     1 |       |       |     2 ||     3
 Armour: Robe              |     2 |       |       |       ||     2
         Leather armour    |    18 |    55 |   192 |    22 ||   287
  Dodge: Dodged            |    23 |    62 |   213 |    13 ||   311

Table legend: (Time is in decaauts)
 A = Elapsed time spent in this place.
 B = Non-inter-level travel time spent in this place.
 C = Inter-level travel time spent in this place.
 D = Time resting spent in this place.
 E = Time spent auto-exploring this place.
 F = Levels seen in this place.
 G = Mean time per level.
                   A        B        C        D        E       F      G
               +--------+--------+--------+--------+--------+-----+--------+
         Total |   9628 |   9420 |    208 |   1364 |   5853 |   9 | 1069.8 |
       Dungeon |   9107 |   8899 |    208 |   1364 |   5540 |   7 | 1301.0 |
        Temple |     41 |     41 |      0 |      0 |      0 |   1 |   41.0 |
         Sewer |    479 |    479 |      0 |      0 |    313 |   1 |  479.0 |
               +--------+--------+--------+--------+--------+-----+--------+

Top non-repeatable levels by time:
     D:4: 1585 daAuts
     D:5: 1581 daAuts
     D:6: 1436 daAuts
     D:2: 1274 daAuts
     D:7: 1219 daAuts
     D:3: 1071 daAuts
     D:1: 938 daAuts
   Sewer: 479 daAuts
  Temple: 41 daAuts
